 Dungeon Crawl Stone Soup version 0.28.0-45-g0d030f2227 (webtiles) character file.

Game seed: 3285149571702941554

2561 nickcage the Bludgeoner (level 9, -7/70 HPs)
             Began as a Minotaur Abyssal Knight on Apr 11, 2022.
             Was a Priest of Lugonu.
             Mangled by Grum
             ... wielding a -1 spear of venom
              (17 damage)
             ... on level 9 of the Dungeon.
             The game lasted 00:12:06 (6586 turns).

nickcage the Bludgeoner (Minotaur Abyssal Knight)   Turns: 6586, Time: 00:12:06

Health: -7/70      AC:  6    Str: 22    XL:     9   Next: 31%
Magic:  9/9        EV: 11    Int:  7    God:    Lugonu [***...]
Gold:   169        SH:  0    Dex: 17    Spells: 8/8 levels left

rFire   . . .      SeeInvis .   v - +3 flail (venom)
rCold   . . .      Faith    .   (no shield)
rNeg    . . .      Spirit   .   q - +0 ring mail
rPois   .          Reflect  .   (helmet restricted)
rElec   .          Harm     .   u - +0 cloak
rCorr   +          Rampage  .   (no gloves)
Will    .....                   (no boots)
Stlth   +.........              (no amulet)
HPRegen 0.21/turn               m - ring of resist corrosion
MPRegen 0.11/turn               r - +6 ring of dexterity

@: mighty
A: horns 2, retaliatory headbutt
a: Renounce Religion, Depart the Abyss, Bend Space, Banish


You were on level 9 of the Dungeon.
You worshipped Lugonu.
Lugonu was most pleased with you.
You visited 1 branch of the dungeon, and saw 7 of its levels.
You visited the Abyss 1 time.

You collected 209 gold pieces.
You spent 40 gold pieces at shops.

Inventory:

Hand Weapons
 a - a +1 mace
 v - a +3 flail of venom (weapon)
Armour
 b - a +0 leather armour
 q - a +0 ring mail (worn)
 u - a +0 cloak (worn)
Jewellery
 f - a +4 ring of protection
 m - a ring of resist corrosion (left hand)
 r - a +6 ring of dexterity (right hand)
 s - a ring of poison resistance
Wands
 g - a wand of flame (16)
 y - a wand of iceblast (17)
Scrolls
 h - a scroll of enchant weapon
 i - 4 scrolls of fog {unknown}
 k - a scroll of blinking {unknown}
 n - 4 scrolls of identify
 z - a scroll of summoning {unknown}
Potions
 c - a potion of brilliance
 e - 2 potions of might
 j - a potion of degeneration {unknown}
 l - a potion of lignification {unknown}
 o - a potion of attraction {unknown}
 p - a potion of haste {unknown}
 t - a potion of flight {unknown}
 w - a potion of resistance {unknown}
 x - a potion of curing {unknown}


   Skills:
 - Level 3.6 Fighting
 + Level 15.0 Maces & Flails
 - Level 2.4 Armour
 - Level 1.1 Dodging
 - Level 1.7 Invocations


You had 8 spell levels left.
You didn't know any spells.
Your spell library contained the following spells:

 Spells                   Type           Power      Damage    Failure   Level
 Foxfire                  Conj/Fire      0%         2x1d4     58%         1
 Sandblast                Erth           0%         2d4       58%         1
 Blink                    Tloc           0%         N/A       75%         2
 Passwall                 Tmut/Erth      0%         N/A       75%         2
 Conjure Flame            Conj/Fire      0%         6-21      92%         3
 Inner Flame              Hex/Fire       0%         N/A       92%         3
 Lesser Beckoning         Tloc           0%         N/A       92%         3
 Stone Arrow              Conj/Erth      0%         3d7       92%         3
 Flame Wave               Conj/Fire      0%         2d4       100%        4
 Manifold Assault         Tloc           0%         N/A       100%        5


Dungeon Overview and Level Annotations

Branches:
Dungeon (6/15)             Temple (0/1) D:6

Altars:
Elyvilon
Fedhas
Hepliaklqana
Okawaru
Sif Muna

Shops:
D:2 ?   D:3 [

Annotations:
D:4 3 runed translucent doors, Antichthon's ghost, amateur NaWr
D:9 Grum


Innate Abilities, Weirdness & Mutations

You have a pair of horns on your head.
You reflexively headbutt those who attack you in melee.


Message History

You miss the wolf. The wolf bites you but does no damage.
You hit the wolf.
The wolf is poisoned.
The wolf is lightly wounded.
The wolf bites you!
* * * LOW HITPOINT WARNING * * *
You sock the wolf!
The wolf looks as sick as possible!
The wolf is almost dead.
You kill the wolf!
Lugonu accepts your kill.
You sock the wolf!
The wolf is poisoned.
The wolf is moderately wounded.
The wolf bites you but does no damage.
You hit the wolf but do no damage.
The wolf looks as sick as possible!
The wolf is heavily wounded.
The wolf closely misses you.
You barely miss the wolf. Your headbutt misses the wolf.
The wolf is heavily wounded.
The wolf bites you.
* * * LOW HITPOINT WARNING * * *
You miss the wolf. You headbutt the wolf.
The wolf is severely wounded.
The wolf bites you but does no damage. The wolf bites you.
* * * LOW HITPOINT WARNING * * *
You barely miss the wolf.
The wolf is severely wounded.
The wolf bites you.
* * * LOW HITPOINT WARNING * * *
You sock the wolf!
You kill the wolf!
Lugonu accepts your kill. The wolf bites you.
* * * LOW HITPOINT WARNING * * *
You feel very mighty all of a sudden. The wolf closely misses you.
You furiously retaliate!
You headbutt the wolf! You bludgeon the wolf!!
You kill the wolf!
Lugonu accepts your kill.
Your Maces & Flails skill increases to level 15!
Grum hits you with a -1 spear of venom!
You die...

##################
.......).).......#
.......)))######.#
..#.......# #.#
..#.......# #@#
..#.......######g#
..#.............h#
..#..............#
.................#
####...........#
#...........#
+...........#
#...........#


You could see Grum and a wolf.

Vanquished Creatures
  Sigmund (D:5)
  A shadow (D:9)
  A steam dragon (D:6)
  A yak (D:9)
  2 orc warriors (D:9)
  A black bear (D:5)
  2 sky beasts (D:6)
  2 necrophages
  3 wolves (D:9)
  2 bullfrogs (D:6)
  4 scorpions
  A wyvern zombie (D:5)
  4 wights (D:6)
  A centaur zombie (D:5)
  3 bullfrog zombies (D:5)
  A centaur skeleton (D:6)
  A hound (D:3)
  A jelly (D:4)
  2 bullfrog skeletons
  Crazy Yiuf (D:5)
  2 iguanas
  2 orc wizards (D:9)
  Robin (D:4)
  5 adders
  A white imp (D:6)
  2 adder skeletons (D:4)
  A dart slug (D:3)
  12 orcs
  4 endoplasms
  5 giant cockroaches
  8 goblins
  11 hobgoblins
  3 kobolds
  4 quokkas
  6 ball pythons
  5 frilled lizards
  3 rats
110 creatures vanquished.

Vanquished Creatures (others)
  An orc (D:9)
  3 fungi (D:4)
  6 plants
10 creatures vanquished.

Grand Total: 120 creatures vanquished

Notes
Turn   | Place    | Note
-------+----------+-------------------------------------------
     0 | Abyss:1  | nickcage the Minotaur Abyssal Knight began the quest for
                  | the Orb.
     0 | Abyss:1  | Reached XP level 1. HP: 19/19 MP: 1/1
     0 | D:1      | Escaped the Abyss
   307 | D:1      | Reached skill level 3 in Maces & Flails
   393 | D:1      | Reached XP level 2. HP: 23/26 MP: 2/2
   543 | D:1      | Found a faded altar of an unknown god.
   752 | D:2      | Reached skill level 4 in Maces & Flails
   882 | D:2      | Reached * piety under Lugonu
   883 | D:2      | Reached XP level 3. HP: 31/31 MP: 3/3
   969 | D:2      | Found Cacoen's Magic Scroll Shoppe.
  1190 | D:2      | Bought 2 scrolls of identify for 40 gold pieces
  1622 | D:3      | Found a white marble altar of Elyvilon.
  1650 | D:3      | Reached skill level 5 in Maces & Flails
  1745 | D:3      | Reached XP level 4. HP: 31/39 MP: 4/4
  1948 | D:3      | Found a hazy altar of Hepliaklqana.
  2008 | D:3      | Found Ciry's Armour Emporium.
  2311 | D:4      | Reached skill level 6 in Maces & Flails
  2417 | D:4      | Found a runed translucent gate.
  2417 | D:4      | Found a runed translucent gate.
  2418 | D:4      | Found a runed translucent gate.
  2419 | D:4      | Noticed Antichthon's ghost (amateur NaWr)
  2419 | D:4      | Noticed a black bear
  2440 | D:4      | Noticed a scorpion
  2450 | D:4      | Killed a scorpion
  2451 | D:4      | Reached skill level 7 in Maces & Flails
  2451 | D:4      | Reached XP level 5. HP: 19/45 MP: 5/5
  2898 | D:4      | Reached XP level 6. HP: 5/51 MP: 6/6
  3190 | D:4      | Reached skill level 8 in Maces & Flails
  3467 | D:4      | Reached ** piety under Lugonu
  3475 | D:4      | Noticed Robin
  3507 | D:4      | Killed Robin
  3639 | D:4      | Found a blossoming altar of Fedhas.
  3993 | D:4      | Found a shimmering blue altar of Sif Muna.
  4019 | D:5      | Entered Level 5 of the Dungeon
  4117 | D:5      | Reached skill level 9 in Maces & Flails
  4117 | D:5      | Reached XP level 7. HP: 34/57 MP: 7/7
  4455 | D:5      | Identified the +0 leather armour of the Maze {Regen+ Str+4
                  | Dex-3}
  4627 | D:5      | Reached skill level 10 in Maces & Flails
  4683 | D:5      | Found Plog's Jewellery Shop.
  4696 | D:5      | Noticed Sigmund
  4705 | D:5      | Killed Sigmund
  4830 | D:5      | Reached skill level 11 in Maces & Flails
  5076 | D:5      | Found a runed translucent door.
  5077 | D:5      | Noticed Crazy Yiuf
  5190 | D:5      | Killed Crazy Yiuf
  5191 | D:5      | Reached XP level 8. HP: 64/64 MP: 8/8
  5313 | D:6      | Reached skill level 12 in Maces & Flails
  5676 | D:6      | Found a staircase to the Ecumenical Temple.
  5846 | D:6      | Reached skill level 13 in Maces & Flails
  6032 | D:6      | Found an iron altar of Okawaru.
  6052 | D:6      | You fall into a shaft and drop 3 floors!
  6065 | D:9      | Reached skill level 14 in Maces & Flails
  6065 | D:9      | Reached XP level 9. HP: 24/70 MP: 9/9
  6372 | D:9      | Reached *** piety under Lugonu
  6550 | D:9      | Noticed Grum
  6586 | D:9      | Reached skill level 15 in Maces & Flails
  6586 | D:9      | Mangled by Grum

Illustrated notes

Levels and vault maps discovered:
D:1:      eino_arrival_water_cross, layout_basic,
          dreamdust_ecumenical_altar_hidden_monk_grotto
D:2:      layout_basic, serial_shops, nicolae_shop_stone, grunt_decor_junction
D:3:      layout_basic, mainiacjoe_overflow_concentric_impassable,
          nicolae_elyvilon_peaceful_grove, serial_shops, shop,
          nicolae_elevator_lobby_asterisk
D:4:      layout_basic, lemuel_coloured_pillars_altar, fedhas_altar_3,
          gammafunk_ghost_split, uniq_robin
D:5:      layout_loops_ring, serial_shops,
          nicolae_shop_temple_entry_statues_fountains, uniq_sigmund,
          uniq_crazy_yiuf_cottage
D:6:      layout_loops_ring, okawaru_trees_2,
          minmay_temple_entry_gardened_gates, gup_ossuary_entry_pyramid
D:9:      wad_river_or_something, layout_stronghold,
          nicolae_dithmenos_through_a_glass_darkly, orc_0_dummy,
          ebering_ghost_disaster_area, uniq_grum

Skill      XL: |  1  2  3  4  5  6  7  8  9 |
---------------+----------------------------+-----
Maces & Flails | 3 4 5 7 9 11 14 15 | 15.0
Fighting       | |  3.6
Armour         | |  2.4
Dodging        | |  1.1
Invocations    | |  1.7

Action                   |  1- 3 |  4- 6 |  7- 9 || total
-------------------------+-------+-------+-------++-------
Melee: Mace              |    59 |   134 |    64 ||   257
       Headbutt          |     6 |    23 |    35 ||    64
       Punch             |       |     1 |     4 ||     5
       Flail             |       |       |   118 ||   118
Invok: Depart the Abyss  |     1 |       |       ||     1
  Use: Scroll            |     3 |       |     3 ||     6
       Potion            |       |       |     2 ||     2
 Stab: Sleeping          |       |     1 |       ||     1
Armor: Leather armour    |    15 |    20 |       ||    35
       Ring mail         |       |     1 |    56 ||    57
Dodge: Dodged            |    31 |    51 |    76 ||   158
